 Dungeon Crawl Stone Soup version 0.25.1-2-g60ff931df9 (webtiles) character file.

Game seed: 15491829708607798132

6877 Johnny the Spear-Bearer (level 10, -6/91 HPs)
             Began as a Demigod Gladiator on Aug 20, 2020.
             Mangled by a komodo dragon (28 damage)
             ... on level 10 of the Dungeon.
             The game lasted 00:11:12 (11669 turns).

Johnny the Spear-Bearer (Demigod Gladiator)        Turns: 11669, Time: 00:11:13

Health: -6/91      AC: 13    Str: 23    XL:     10   Next: 50%
Magic:  13/13      EV: 11    Int: 16    God:
Gold:   526        SH:  0    Dex: 17    Spells: 9/9 levels left

rFire    + . .     SeeInvis +   I - +0 halberd
rCold    . . .     Gourm    .   (shield currently unavailable)
rNeg     . . .     Faith    .   v - +4 scale mail {rPois}
rPois    +         Spirit   .   r - +0 hat "Ilowiamo" {Int+4 Stlth+}
rElec    .         Reflect  .   C - scarf {harm}
rCorr    .         Harm     +   q - +1 pair of gloves
MR       +....                  p - +0 pair of boots
Stlth    +.........             (no amulet)
HPRegen  0.25/turn              o - ring of protection from fire
MPRegen  0.13/turn              H - ring of see invisible

@: no status effects
A: high mp 1
a: no special abilities


You were on level 10 of the Dungeon.
You were not hungry.

You visited 1 branch of the dungeon, and saw 10 of its levels.

You collected 616 gold pieces.
You spent 90 gold pieces at shops.

Inventory:

Hand Weapons
 a - a +0 trident
 I - a +0 halberd (weapon)
Armour
 p - a +0 pair of boots (worn)
 q - a +1 pair of gloves (worn)
 r - the +0 hat "Ilowiamo" (worn) {Int+4 Stlth+}
   (You found it on level 8 of the Dungeon)

   It affects your intelligence (+4).
   It makes you more stealthy.
 v - a +4 scale mail of poison resistance (worn)
 C - a scarf of harm (worn)
 G - a +2 scale mail of magic resistance
 L - a +0 ring mail of poison resistance
Jewellery
 o - a ring of protection from fire (left hand)
 A - an uncursed ring of ice
 H - a ring of see invisible (right hand)
Wands
 d - a wand of polymorph (5)
Scrolls
 e - 3 scrolls of blinking
 g - 2 scrolls of noise
 i - 2 scrolls of enchant armour
 s - a scroll of identify
 t - 2 scrolls of fog {unknown}
 u - 9 scrolls of teleportation
 x - 3 scrolls of remove curse
 y - a scroll of amnesia {unknown}
 B - a scroll of fear
 E - 2 scrolls of magic mapping {unknown}
 K - a scroll of holy word {unknown}
Potions
 b - 7 potions of curing
 c - 2 potions of experience {unknown}
 h - a potion of flight {unknown}
 j - a potion of invisibility {unknown}
 k - 3 potions of might
 l - 6 potions of haste
 m - 2 potions of mutation {unknown}
 n - 2 potions of degeneration
 w - a potion of magic {unknown}
 z - 5 potions of brilliance {unknown}
 D - 2 potions of cancellation {unknown}
 F - 2 potions of heal wounds {unknown}
 J - a potion of stabbing {unknown}
Comestibles
 f - 17 rations
 M - 4 chunks of flesh


   Skills:
 + Level 9.0 Fighting
 * Level 12.4 Polearms
 - Level 1.7 Throwing
 - Level 2.6 Dodging


You had 9 spell levels left.
You didn't know any spells.
Your spell library contained the following spells:

 Spells                   Type           Power        Failure   Level  Hunger
 Shock                    Conj/Air       #...         56%         1    ##.....
 Swiftness                Chrm/Air       #.......     71%         2    ###....
 Static Discharge         Conj/Air       #.......     90%         3    ####...
 Airstrike                Air            #.........   100%        4    #####..
 Lightning Bolt           Conj/Air       #.........   100%        5    ######.


Dungeon Overview and Level Annotations

Branches:
Dungeon (10/15)            Temple (0/1) D:6            Lair (0/6) D:10
    Orc: D:9-12

Shops:
D:5 %

Annotations:
D:2 1 runed translucent door


Innate Abilities, Weirdness & Mutations

You have an increased reservoir of magic. (+10% MP)


Message History

You closely miss the komodo dragon.
The komodo dragon is almost dead.
The komodo dragon bites you.
Attack whom?
Press: ? - help, Dir - move target cursor, f/p - komodo dragon
Aim: a komodo dragon (almost dead)
You hit the komodo dragon but do no damage.
The komodo dragon is almost dead.
The komodo dragon bites you!
* * * LOW HITPOINT WARNING * * *
Items here: ))) [ †† Attack whom?
Press: ? - help, Dir - move target cursor, f/p - komodo dragon
Aim: a komodo dragon (almost dead)
You hit the komodo dragon.
The komodo dragon is almost dead.
The komodo dragon closely misses you.
Unknown command.
You feel better. The komodo dragon bites you!!
You die...

##...PPPP# #..###### #....PPP#
#..# ##....P## #..# ##...##
#..# ##.## #..# # #.# #..# ##8
#># #..#
.o#...###)############..#
......[.)...l@..........######
..............................
..............................
..#...#############...........
. ##8# #.........(. ##
#...........
########...........
...................
...................


You could see a komodo dragon.

Vanquished Creatures
  The ghost of kikerikii the Slinger, a novice HaAK of Lugonu (D:8)
  A troll (D:7)
  Prince Ribbit (D:7)
  A hippogriff (D:9)
  A spriggan (D:7)
  A wyvern (D:10)
  7 yaks
  A hungry ghost (D:9)
  Menkaure (D:7)
  A water moccasin (D:8)
  3 sky beasts
  2 eyes of draining (D:8)
  A necrophage (D:6)
  An ice beast (D:8)
  2 orc warriors
  2 phantoms
  5 centaurs
  4 big kobolds
  7 bullfrogs
  A wyvern skeleton (D:6)
  3 scorpions
  5 killer bees (D:8)
  4 crimson imps
  A centaur zombie (D:5)
  A jelly (D:9)
  3 hounds
  2 gnoll shamans
  A bullfrog skeleton (D:8)
  5 orc priests
  A centaur skeleton (D:9)
  Terence (D:3)
  2 iguanas (D:7)
  7 worker ants
  7 orc wizards
  2 hound skeletons
  A mummy (D:7)
  8 gnolls
  15 adders
  A howler monkey skeleton (D:10)
  A shadow imp (D:10)
  2 oozes
  An adder zombie (D:7)
  A worm (D:3)
  2 dart slugs
  6 leopard geckos
  49 orcs
  9 giant cockroaches
  7 goblins
  8 hobgoblins
  28 jackals
  5 quokkas
  2 ball pythons
  9 bats
  2 frilled lizards (D:1)
  A jackal skeleton (D:7)
  A jackal zombie (D:7)
  21 kobolds
  A kobold zombie (D:2)
  2 quokka skeletons
  4 rats
276 creatures vanquished.

Vanquished Creatures (others)
  5 plants (D:10)
5 creatures vanquished.

Grand Total: 281 creatures vanquished

Notes
Turn   | Place    | Note
-------+----------+-------------------------------------------
     0 | D:1      | Johnny the Demigod Gladiator began the quest for the Orb.
     0 | D:1      | Reached XP level 1. HP: 17/17 MP: 3/3
   120 | D:1      | Reached skill level 3 in Polearms
   175 | D:1      | Reached XP level 2. HP: 15/24 MP: 4/4
  1033 | D:2      | Reached XP level 3. HP: 29/29 MP: 5/5
  1238 | D:2      | Noticed a human
  1239 | D:2      | Found a runed translucent door.
  1246 | D:2      | Found a basalt altar of Yredelemnul.
  1354 | D:2      | You fall into a shaft and drop 2 floors!
  1387 | D:4      | Reached skill level 4 in Polearms
  1387 | D:4      | Reached XP level 4. HP: 23/37 MP: 6/6
  1571 | D:4      | Found a shattered altar of Ashenzari.
  2735 | D:3      | Reached XP level 5. HP: 45/45 MP: 7/7
  2917 | D:3      | Reached skill level 5 in Polearms
  3046 | D:3      | Noticed Terence
  3071 | D:3      | Killed Terence
  3568 | D:4      | Reached XP level 6. HP: 47/51 MP: 8/8
  3926 | D:5      | Entered Level 5 of the Dungeon
  4046 | D:5      | Found Xuboramu's Food Emporium.
  4067 | D:5      | Reached skill level 6 in Polearms
  4194 | D:5      | Found a shimmering blue altar of Sif Muna.
  4443 | D:5      | Reached XP level 7. HP: 47/60 MP: 9/9
  4807 | D:6      | Noticed a yak
  4808 | D:6      | Noticed a yak
  4809 | D:6      | Noticed a yak
  4810 | D:6      | Noticed a yak
  4906 | D:7      | Reached skill level 7 in Polearms
  4958 | D:7      | Killed a yak
  4958 | D:7      | Reached skill level 5 in Fighting
  4965 | D:7      | Killed a yak
  5177 | D:7      | Killed a yak
  5177 | D:7      | Reached skill level 8 in Polearms
  5177 | D:7      | Reached XP level 8. HP: 62/69 MP: 10/10
  5527 | D:6      | Found a staircase to the Ecumenical Temple.
  5550 | D:6      | Found a hide-covered altar of Uskayaw.
  5680 | D:6      | Reached skill level 9 in Polearms
  6142 | D:6      | You fall into a shaft and drop 3 floors!
  6329 | D:8      | Found a runed translucent gate.
  6330 | D:8      | Noticed kikerikii's ghost (novice HaAK)
  6330 | D:8      | Found a runed translucent gate.
  6331 | D:8      | Found a runed translucent gate.
  6331 | D:8      | Found a roughly hewn altar of Beogh.
  6561 | D:8      | Reached XP level 9. HP: 78/78 MP: 11/11
  6803 | D:8      | Reached skill level 10 in Polearms
  6851 | D:7      | Noticed Prince Ribbit
  6883 | D:7      | Killed Prince Ribbit
  8021 | D:5      | Found an ancient bone altar of Kikubaaqudgha.
  8365 | D:7      | Noticed Menkaure
  8382 | D:7      | Killed Menkaure
  9088 | D:7      | Reached skill level 11 in Polearms
  9310 | D:7      | Found a snail-covered altar of Cheibriados.
  9680 | D:8      | Found a bloodstained altar of Trog.
 10013 | D:8      | Reached XP level 10. HP: 88/88 MP: 13/13
 10265 | D:8      | Killed kikerikii's ghost
 10325 | D:8      | Got a scorched hat
 10336 | D:8      | Identified the +0 hat "Ilowiamo" {Int+4 Stlth+} (You found
                  | it on level 8 of the Dungeon)
 10573 | D:9      | Found Zin's Purification Station.
 10579 | D:9      | Found a glowing silver altar of Zin.
 10636 | D:9      | Bought a potion of curing for 90 gold pieces
 10701 | D:9      | Reached skill level 12 in Polearms
 10937 | D:9      | Found a shimmering altar of Xom.
 11136 | D:9      | Found an iron altar of Okawaru.
 11296 | D:10     | Entered Level 10 of the Dungeon
 11584 | D:10     | Found a staircase to the Lair.
 11669 | D:10     | Mangled by a komodo dragon

Illustrated notes

Levels and vault maps discovered:
D:1:      dpeg_arrival_rooms_with_view, layout_loops_ring
D:2:      layout_loops_corners, dk_yredelemnul_ordeal
D:3:      layout_basic, uniq_terence
D:4:      layout_loops_ring, lemuel_round_altar, first_ration,
          minmay_starry_boxes
D:5:      layout_cave_pods, kennysheep_mini_moat, led_sif_pool, serial_shops,
          shop_statue
D:6:      layout_layer_cave, temple_doors_e, minmay_ruined_shrine
D:7:      layout_basic, slow_altar_2, the_bakery, minivault_26, uniq_menkaure,
          uniq_prince_ribbit1
D:8:      layout_basic, trog_eyes_of_draining, biasface_ghost_orc_armoury
D:9:      layout_rooms, zin_purify, hangedman_feature_mirror
D:10:     layout_long_grid, david_lair_shrubbed, david_orc_4,
          gammafunk_ghost_nasty_kobolds, minivault_22

Skill      XL: |  1  2  3  4  5  6  7  8  9 10 |
---------------+-------------------------------+-----
Fighting       | 2 3 4 5 6 8 9 |  9.0
Polearms       | 3 4 5 6 8 9 11 12 | 12.4
Throwing       | |  1.7
Dodging        | |  2.6

Action                   |  1- 3 |  4- 6 |  7- 9 | 10-12 || total
-------------------------+-------+-------+-------+-------++-------
Melee: Trident           |   126 |   277 |   404 |       ||   807
       Halberd           |       |       |   139 |   161 ||   300
Throw: Throwing net      |       |     4 |       |       ||     4
Evoke: Wand              |       |       |     6 |    15 ||    21
  Use: Scroll            |     4 |     4 |     2 |     1 ||    11
       Potion            |     1 |       |     1 |     1 ||     3
 Stab: Sleeping          |     2 |       |       |     2 ||     4
       Held in net/web   |       |     2 |       |       ||     2
       Paralysed         |       |       |       |     8 ||     8
  Eat: Chunk             |     1 |     8 |    13 |     5 ||    27
       Ration            |       |     1 |     1 |     1 ||     3
Armor: Leather armour    |    33 |    10 |       |       ||    43
       Skin              |    13 |     1 |    11 |       ||    25
       Scale mail        |       |    86 |   279 |    43 ||   408
Dodge: Dodged            |    69 |   135 |   341 |    58 ||   603
